BlackHawks vs Hurricanes

Created - December 3 2010 at 17:36

Goals
1 2 3 T
BlackHawks 1 0 1 2
Hurricanes 1 2 0 3
Shots
1 2 3 T
BlackHawks 5 8 9 22
Hurricanes 14 13 13 40

Period #1

1. BlackHawks , Wayne Primeau 4 (Tim Gleason, Paul Kariya) at 3:38 (PP)
2. Hurricanes , Jarome Iginla 13 (Eric Staal, Andy Greene) at 13:42 (PP)

Penalties :
Jamie Benn (CAR) for High sticking (Minor) at 3:08, Ryan Wilson (CAR) for Fighting (Major) at 6:57, Zenon Konopka (CHI) for Fighting (Major) at 6:57, John Erskine (CHI) for Roughing (Minor) at 9:28, Tim Gleason (CHI) for Interference (Minor) at 13:34, Jed Ortmeyer (CAR) for Tripping (Minor) at 14:10, Jed Ortmeyer (CAR) for Hooking (Minor) at 17:37, Tim Gleason (CHI) for Cross-checking (Minor) at 18:08, Ryan OByrne (CAR) for Hooking (Minor) at 18:37

Period #2

3. Hurricanes , Jarome Iginla 14 (Jed Ortmeyer, Mathieu Roy) at 5:27
4. Hurricanes , Derick Brassard 3 (Erik Cole, Ryan Wilson) at 12:26 (PP)

Penalties :
Jed Ortmeyer (CAR) for Elbowing (Minor) at 1:56, Tyler Kennedy (CHI) for Holding (Minor) at 5:36, Jamie Benn (CAR) for Hooking (Minor) at 6:25, Chris Neil (CHI) for Interference (Minor) at 9:09, Tyler Kennedy (CHI) for Hooking (Minor) at 11:20, Patrick Sharp (CHI) for Hooking (Minor) at 15:03, John Erskine (CHI) for Hooking (Minor) at 17:08, Ryan OByrne (CAR) for Hooking (Minor) at 19:26

Period #3

5. BlackHawks , Samuel Pahlsson 3 (Patrick Kane, Patrick Sharp) at 0:06 (PP)

Penalties :
Erik Cole (CAR) for High sticking (Minor) at 0:39, Adam Foote (CHI) for Hooking (Minor) at 5:17, John Erskine (CHI) for Interference (Minor) at 9:09, Hal Gill (CHI) for Holding Stick (Minor) at 11:25, Eric Belanger (CAR) for Goalie Interference (Minor) at 13:26, John Erskine (CHI) for Boarding (Minor) at 13:26

Goalie Stats

Cristobal Huet (CHI), 37 saves from 40 shots - (0.925), L, 7-14-2, 59:04 minutes
Pascal Leclaire (CAR), 20 saves from 22 shots - (0.909), W, 10-12-4, 60:00 minutes

Players Stats

BlackHawks
Player Name              G  A  P  +/- PIM S  H  SB FO    MP 
------------------------------------------------------------
Adam Foote               0  0  0   0  2   1  2  5  0/0   22 
Artem Anisimov           0  0  0   0  0   1  0  0  4/7   6  
Chris Campoli            0  0  0   0  0   0  0  0  0/0   5  
Chris Neil               0  0  0  -1  2   1  3  0  1/3   17 
Hal Gill                 0  0  0  -1  2   0  2  2  0/0   22 
John Erskine             0  0  0   0  8   0  4  3  0/0   11 
Josh Bailey              0  0  0   0  0   3  0  0  0/0   12 
Mattias Ohlund           0  0  0   0  0   2  1  1  0/0   21 
Patrick Kane             0  1  1   0  0   2  0  0  7/16  25 
Patrick Sharp            0  1  1   0  2   1  3  0  1/5   21 
Paul Kariya              0  1  1  -1  0   2  0  0  10/18 23 
Petr Sykora              0  0  0   0  0   0  0  0  0/0   5  
Ron Hainsey              0  0  0   0  0   0  0  4  0/0   15 
Samuel Pahlsson          1  0  1  -1  0   2  0  0  12/24 21 
Tim Gleason              0  1  1  -1  4   3  1  3  0/0   21 
Tyler Kennedy            0  0  0   0  4   2  1  1  2/3   10 
Wayne Primeau            1  0  1   0  0   2  2  0  13/21 16 
Zenon Konopka            0  0  0   0  5   0  1  0  4/7   6  
Hurricanes
Player Name              G  A  P  +/- PIM S  H  SB FO    MP 
------------------------------------------------------------
Andy Greene              0  1  1   0  0   4  0  0  0/0   24 
Brandon Yip              0  0  0   0  0   1  0  0  0/1   18 
Brent Sopel              0  0  0   0  0   2  2  2  0/0   20 
Derick Brassard          1  0  1   0  0   5  1  1  13/27 20 
Eric Belanger            0  0  0   0  2   1  0  0  9/20  14 
Eric Staal               0  1  1   0  0   8  2  0  15/30 22 
Erik Cole                0  1  1   0  2   2  2  0  0/1   19 
Jamie Benn               0  0  0   0  4   1  2  0  2/3   17 
Jarome Iginla            2  0  2   1  0   5  1  0  1/3   21 
Jed Ortmeyer             0  1  1   1  6   1  2  0  0/0   9  
Jere Lehtinen            0  0  0   0  0   1  0  0  1/4   18 
Johnny Oduya             0  0  0   0  0   2  1  1  0/0   11 
Mathieu Roy              0  1  1   1  0   2  2  0  0/0   19 
Mathieu Schneider        0  0  0   0  0   1  0  0  0/0   1  
Michael Ryder            0  0  0   0  0   2  0  0  1/1   3  
Mikhail Grabovski        0  0  0   1  0   2  0  0  8/14  8  
Ryan OByrne              0  0  0   1  4   0  2  0  0/0   19 
Ryan Wilson              0  1  1   0  5   0  2  3  0/0   19 

3 Stars

1 - Jarome Iginla (CAR)
2 - Wayne Primeau (CHI)
3 - Derick Brassard (CAR)

Power Play

BlackHawks - 2 on 8 Attempt(s) - 25.00%
Hurricanes - 2 on 11 Attempt(s) - 18.18%

Penalty Kill

BlackHawks - 9 on 11 Attempt(s) - 81.82% - Score 0 goal in Penalty Kill
Hurricanes - 6 on 8 Attempt(s) - 75.00% - Score 0 goal in Penalty Kill

Game Notes

Ryan Wilson and Zenon Konopka fight to a draw at 6:57 of 1st period
Johnny Oduya is injured at 8:09 of 2nd period (Sprained Left Finger)

Finance

Level 1 -- Attendance: 5699 (94.98%) -- Ticket Income $512,910.00
Level 2 -- Attendance: 3958 (79.16%) -- Ticket Income $217,690.00
Level 3 -- Attendance: 2714 (77.54%) -- Ticket Income $94,990.00
Level 4 -- Attendance: 2452 (75.91%) -- Ticket Income $46,588.00
Luxury Box -- Attendance: 928 (92.80%) -- Ticket Income $171,680.00
Game was played at the RBC Center
Total Attendance: 15751 (84.10%)
Total Ticket Income: $1,072,419.00
Other Income: $208,453.80
Total Income: $1,280,873.00


Play by Play

Period #1

0:01 of 1st period - Artem Anisimov wins face-off versus Eric Staal in neutral zone.
0:36 of 1st period - Shot by Artem Anisimov.
0:36 of 1st period - Stopped by Pascal Leclaire without a rebound.
0:37 of 1st period - Derick Brassard wins face-off versus Samuel Pahlsson in Hurricanes zone.
1:15 of 1st period - Icing by Johnny Oduya.
1:16 of 1st period - Wayne Primeau wins face-off versus Derick Brassard in Hurricanes zone.
1:31 of 1st period - Icing by John Erskine.
1:32 of 1st period - Wayne Primeau wins face-off versus Mikhail Grabovski in BlackHawks zone.
1:52 of 1st period - Shot by Wayne Primeau.
1:52 of 1st period - Stopped by Pascal Leclaire without a rebound.
1:53 of 1st period - Artem Anisimov wins face-off versus Eric Staal in Hurricanes zone.
2:11 of 1st period - Shot by Ryan OByrne.
2:11 of 1st period - Shot Misses the Net.
2:15 of 1st period - Shot by Eric Staal.
2:15 of 1st period - Stopped by Cristobal Huet without a rebound.
2:16 of 1st period - Mikhail Grabovski wins face-off versus Samuel Pahlsson in BlackHawks zone.
2:19 of 1st period - Shot by Brent Sopel.
2:19 of 1st period - Stopped by Cristobal Huet without a rebound.
2:20 of 1st period - Mikhail Grabovski wins face-off versus Samuel Pahlsson in BlackHawks zone.
2:38 of 1st period - Shot by Brent Sopel.
2:38 of 1st period - Shot Blocked by Tim Gleason.
2:40 of 1st period - Shot by Jere Lehtinen.
2:40 of 1st period - Stopped by Cristobal Huet without a rebound.
2:41 of 1st period - Zenon Konopka wins face-off versus Eric Staal in BlackHawks zone.
2:41 of 1st period - Zenon Konopka is hit by Jamie Benn.
3:02 of 1st period - Patrick Kane is hit by Jarome Iginla and loses puck.
3:08 of 1st period - Minor Penalty to Jamie Benn for High sticking.
3:09 of 1st period - Wayne Primeau wins face-off versus Eric Belanger in Hurricanes zone.
3:34 of 1st period - Shot by Wayne Primeau.
3:34 of 1st period - Shot Misses the Net.
3:38 of 1st period - Shot by Wayne Primeau.
3:38 of 1st period - Goal by Wayne Primeau - BlackHawks : 1 - Hurricanes : 0.
3:39 of 1st period - Artem Anisimov wins face-off versus Derick Brassard in neutral zone.
3:43 of 1st period - Patrick Kane is hit by Johnny Oduya and loses puck.
3:51 of 1st period - Ryan Wilson is hit by Mattias Ohlund and loses puck.
4:08 of 1st period - Shot by Mattias Ohlund.
4:08 of 1st period - Shot Blocked by Ryan Wilson.
4:56 of 1st period - Shot by Eric Staal.
4:56 of 1st period - Stopped by Cristobal Huet without a rebound.
4:57 of 1st period - Samuel Pahlsson wins face-off versus Mikhail Grabovski in BlackHawks zone.
5:06 of 1st period - Icing by Brent Sopel.
5:07 of 1st period - Mikhail Grabovski wins face-off versus Wayne Primeau in Hurricanes zone.
5:07 of 1st period - Mikhail Grabovski is hit by Tyler Kennedy.
5:18 of 1st period - Off-side.
5:19 of 1st period - Samuel Pahlsson wins face-off versus Eric Staal in neutral zone.
6:23 of 1st period - Mikhail Grabovski is hit by John Erskine and loses puck.
6:33 of 1st period - Icing by Jere Lehtinen.
6:34 of 1st period - Mikhail Grabovski wins face-off versus Zenon Konopka in Hurricanes zone.
6:34 of 1st period - Mikhail Grabovski is hit by Zenon Konopka.
6:53 of 1st period - Erik Cole is hit by Adam Foote and loses puck.
6:57 of 1st period - Ryan Wilson and Zenon Konopka fight to a draw.
6:57 of 1st period - Penalty to Ryan Wilson for Fighting.
6:57 of 1st period - Penalty to Zenon Konopka for Fighting.
6:58 of 1st period - Derick Brassard wins face-off versus Tyler Kennedy in BlackHawks zone.
7:01 of 1st period - Shot by Brandon Yip.
7:01 of 1st period - Stopped by Cristobal Huet without a rebound.
7:02 of 1st period - Eric Staal wins face-off versus Wayne Primeau in BlackHawks zone.
7:03 of 1st period - Shot by Jamie Benn.
7:03 of 1st period - Shot Misses the Net.
7:14 of 1st period - Off-side.
7:15 of 1st period - Derick Brassard wins face-off versus Artem Anisimov in neutral zone.
7:15 of 1st period - Erik Cole is hit by Patrick Sharp and loses puck.
8:18 of 1st period - Shot by Eric Staal.
8:18 of 1st period - Shot Blocked by Adam Foote.
8:22 of 1st period - Shot by Eric Staal.
8:22 of 1st period - Shot Blocked by Adam Foote.
8:24 of 1st period - Shot by Eric Staal.
8:24 of 1st period - Stopped by Cristobal Huet without a rebound.
8:25 of 1st period - Mikhail Grabovski wins face-off versus Samuel Pahlsson in BlackHawks zone.
8:36 of 1st period - Shot by Mikhail Grabovski.
8:36 of 1st period - Shot Blocked by Hal Gill.
9:17 of 1st period - Icing by Derick Brassard.
9:18 of 1st period - Wayne Primeau wins face-off versus Derick Brassard in Hurricanes zone.
9:19 of 1st period - Shot by Josh Bailey.
9:19 of 1st period - Shot Blocked by Derick Brassard.
9:28 of 1st period - Minor Penalty to John Erskine for Roughing.
9:29 of 1st period - Samuel Pahlsson wins face-off versus Eric Staal in BlackHawks zone.
10:02 of 1st period - Shot by Andy Greene.
10:02 of 1st period - Stopped by Cristobal Huet without a rebound.
10:03 of 1st period - Derick Brassard wins face-off versus Patrick Kane in BlackHawks zone.
10:08 of 1st period - Shot by Johnny Oduya.
10:08 of 1st period - Shot Blocked by Ron Hainsey.
10:10 of 1st period - Shot by Mathieu Roy.
10:10 of 1st period - Shot Misses the Net.
10:12 of 1st period - Shot by Mathieu Roy.
10:12 of 1st period - Stopped by Cristobal Huet without a rebound.
10:13 of 1st period - Derick Brassard wins face-off versus Patrick Kane in BlackHawks zone.
10:16 of 1st period - Shot by Mathieu Roy.
10:16 of 1st period - Shot Misses the Net.
10:18 of 1st period - Shot by Johnny Oduya.
10:18 of 1st period - Shot Blocked by Adam Foote.
10:20 of 1st period - Shot by Mathieu Roy.
10:20 of 1st period - Stopped by Cristobal Huet with a rebound.
10:22 of 1st period - Shot by Johnny Oduya.
10:22 of 1st period - Stopped by Cristobal Huet with a rebound.
10:24 of 1st period - Shot by Mathieu Roy.
10:24 of 1st period - Shot Misses the Net.
10:26 of 1st period - Shot by Johnny Oduya.
10:26 of 1st period - Stopped by Cristobal Huet without a rebound.
10:27 of 1st period - Paul Kariya wins face-off versus Eric Staal in BlackHawks zone.
10:27 of 1st period - Paul Kariya is hit by Eric Staal.
11:40 of 1st period - Shot by Michael Ryder.
11:40 of 1st period - Shot Misses the Net.
11:44 of 1st period - Shot by Derick Brassard.
11:44 of 1st period - Shot Blocked by Tyler Kennedy.
11:46 of 1st period - Shot by Brent Sopel.
11:46 of 1st period - Shot Blocked by Ron Hainsey.
11:50 of 1st period - Shot by Derick Brassard.
11:50 of 1st period - Stopped by Cristobal Huet without a rebound.
11:51 of 1st period - Mikhail Grabovski wins face-off versus Chris Neil in BlackHawks zone.
12:43 of 1st period - Shot by Josh Bailey.
12:43 of 1st period - Stopped by Pascal Leclaire without a rebound.
12:44 of 1st period - Wayne Primeau wins face-off versus Erik Cole in Hurricanes zone.
12:57 of 1st period - Icing by Ryan Wilson.
12:58 of 1st period - Wayne Primeau wins face-off versus Derick Brassard in Hurricanes zone.
13:06 of 1st period - Icing by Johnny Oduya.
13:07 of 1st period - Samuel Pahlsson wins face-off versus Derick Brassard in Hurricanes zone.
13:08 of 1st period - Shot by Hal Gill.
13:08 of 1st period - Shot Blocked by Ryan Wilson.
13:27 of 1st period - Icing by Hal Gill.
13:28 of 1st period - Eric Staal wins face-off versus Samuel Pahlsson in BlackHawks zone.
13:34 of 1st period - Minor Penalty to Tim Gleason for Interference.
13:35 of 1st period - Eric Staal wins face-off versus Patrick Kane in BlackHawks zone.
13:38 of 1st period - Shot by Eric Staal.
13:38 of 1st period - Shot Blocked by Mattias Ohlund.
13:42 of 1st period - Shot by Jarome Iginla.
13:42 of 1st period - Goal by Jarome Iginla - BlackHawks : 1 - Hurricanes : 1.
13:43 of 1st period - Tyler Kennedy wins face-off versus Mikhail Grabovski in neutral zone.
14:07 of 1st period - Mikhail Grabovski is hit by John Erskine.
14:10 of 1st period - Minor Penalty to Jed Ortmeyer for Tripping.
14:11 of 1st period - Eric Belanger wins face-off versus Samuel Pahlsson in Hurricanes zone.
14:17 of 1st period - Icing by Samuel Pahlsson.
14:18 of 1st period - Eric Belanger wins face-off versus Samuel Pahlsson in BlackHawks zone.
14:45 of 1st period - Shot by Patrick Kane.
14:45 of 1st period - Shot Misses the Net.
14:49 of 1st period - Shot by Patrick Sharp.
14:49 of 1st period - Shot Misses the Net.
15:29 of 1st period - Paul Kariya is hit by Ryan Wilson.
16:25 of 1st period - Derick Brassard is hit by John Erskine and loses puck.
17:37 of 1st period - Minor Penalty to Jed Ortmeyer for Hooking.
17:38 of 1st period - Eric Belanger wins face-off versus Wayne Primeau in Hurricanes zone.
17:38 of 1st period - Johnny Oduya is hit by Wayne Primeau and loses puck.
17:53 of 1st period - Shot by Wayne Primeau.
17:53 of 1st period - Shot Blocked by Brent Sopel.
17:55 of 1st period - Shot by Mattias Ohlund.
17:55 of 1st period - Stopped by Pascal Leclaire without a rebound.
17:56 of 1st period - Wayne Primeau wins face-off versus Eric Belanger in Hurricanes zone.
18:08 of 1st period - Minor Penalty to Tim Gleason for Cross-checking.
18:09 of 1st period - Eric Staal wins face-off versus Patrick Kane in BlackHawks zone.
18:22 of 1st period - Shot by Jarome Iginla.
18:22 of 1st period - Deflect By Eric Staal.
18:22 of 1st period - Stopped by Cristobal Huet without a rebound.
18:23 of 1st period - Paul Kariya wins face-off versus Eric Staal in BlackHawks zone.
18:37 of 1st period - Minor Penalty to Ryan OByrne for Hooking.
18:38 of 1st period - Eric Belanger wins face-off versus Patrick Kane in Hurricanes zone.

Period #2

0:01 of 2nd period - Eric Staal wins face-off versus Patrick Kane in neutral zone.
0:47 of 2nd period - Mattias Ohlund is hit by Ryan OByrne and loses puck.
1:02 of 2nd period - Shot by Artem Anisimov.
1:02 of 2nd period - Shot Misses the Net.
1:04 of 2nd period - Shot by Patrick Sharp.
1:04 of 2nd period - Stopped by Pascal Leclaire without a rebound.
1:05 of 2nd period - Derick Brassard wins face-off versus Wayne Primeau in Hurricanes zone.
1:05 of 2nd period - Derick Brassard is hit by Wayne Primeau.
1:27 of 2nd period - Shot by Derick Brassard.
1:27 of 2nd period - Stopped by Cristobal Huet without a rebound.
1:28 of 2nd period - Samuel Pahlsson wins face-off versus Mikhail Grabovski in BlackHawks zone.
1:28 of 2nd period - Samuel Pahlsson is hit by Jed Ortmeyer.
1:56 of 2nd period - Minor Penalty to Jed Ortmeyer for Elbowing.
1:57 of 2nd period - Eric Belanger wins face-off versus Patrick Sharp in Hurricanes zone.
2:16 of 2nd period - Shot by Patrick Sharp.
2:16 of 2nd period - Shot Misses the Net.
3:53 of 2nd period - Shot by Paul Kariya.
3:53 of 2nd period - Stopped by Pascal Leclaire with a rebound.
4:05 of 2nd period - Shot by Brandon Yip.
4:05 of 2nd period - Shot Blocked by John Erskine.
4:14 of 2nd period - Tyler Kennedy is hit by Ryan Wilson and loses puck.
4:45 of 2nd period - Zenon Konopka is hit by Erik Cole and loses puck.
5:03 of 2nd period - Icing by Petr Sykora.
5:04 of 2nd period - Zenon Konopka wins face-off versus Mikhail Grabovski in BlackHawks zone.
5:11 of 2nd period - Icing by Mikhail Grabovski.
5:12 of 2nd period - Mikhail Grabovski wins face-off versus Samuel Pahlsson in Hurricanes zone.
5:18 of 2nd period - Jed Ortmeyer is hit by Hal Gill and loses puck.
5:27 of 2nd period - Shot by Jed Ortmeyer.
5:27 of 2nd period - Deflect By Jarome Iginla.
5:27 of 2nd period - Goal by Jarome Iginla - BlackHawks : 1 - Hurricanes : 2.
5:28 of 2nd period - Tyler Kennedy wins face-off versus Jamie Benn in neutral zone.
5:30 of 2nd period - Paul Kariya is hit by Ryan OByrne and loses puck.
5:36 of 2nd period - Minor Penalty to Tyler Kennedy for Holding.
5:37 of 2nd period - Eric Staal wins face-off versus Paul Kariya in BlackHawks zone.
5:42 of 2nd period - Shot by Jamie Benn.
5:42 of 2nd period - Stopped by Cristobal Huet without a rebound.
5:43 of 2nd period - Paul Kariya wins face-off versus Derick Brassard in BlackHawks zone.
6:25 of 2nd period - Minor Penalty to Jamie Benn for Hooking.
6:26 of 2nd period - Paul Kariya wins face-off versus Eric Staal in Hurricanes zone.
6:51 of 2nd period - Icing by Jarome Iginla.
6:52 of 2nd period - Eric Staal wins face-off versus Patrick Kane in Hurricanes zone.
7:00 of 2nd period - Icing by Andy Greene.
7:01 of 2nd period - Eric Staal wins face-off versus Patrick Sharp in Hurricanes zone.
7:06 of 2nd period - Mattias Ohlund is hit by Eric Staal and loses puck.
7:42 of 2nd period - Icing by Hal Gill.
7:43 of 2nd period - Wayne Primeau wins face-off versus Eric Belanger in BlackHawks zone.
7:48 of 2nd period - Brent Sopel is hit by Chris Neil and loses puck.
8:03 of 2nd period - Shot by Paul Kariya.
8:03 of 2nd period - Stopped by Pascal Leclaire without a rebound.
8:04 of 2nd period - Samuel Pahlsson wins face-off versus Eric Belanger in Hurricanes zone.
8:09 of 2nd period - Shot by Patrick Kane.
8:09 of 2nd period - Shot Blocked by Johnny Oduya.
8:09 of 2nd period - Johnny Oduya from Hurricanes is injured at 8:09 of 2nd period (Sprained Left Finger).
8:10 of 2nd period - Samuel Pahlsson wins face-off versus Eric Belanger in Hurricanes zone.
8:15 of 2nd period - Shot by Patrick Kane.
8:15 of 2nd period - Stopped by Pascal Leclaire without a rebound.
8:16 of 2nd period - Wayne Primeau wins face-off versus Eric Belanger in Hurricanes zone.
8:17 of 2nd period - Shot by Tim Gleason.
8:17 of 2nd period - Stopped by Pascal Leclaire without a rebound.
8:18 of 2nd period - Samuel Pahlsson wins face-off versus Eric Belanger in Hurricanes zone.
8:29 of 2nd period - Shot by Patrick Kane.
8:29 of 2nd period - Shot Blocked by Ryan Wilson.
8:31 of 2nd period - Shot by Tyler Kennedy.
8:31 of 2nd period - Stopped by Pascal Leclaire without a rebound.
8:32 of 2nd period - Wayne Primeau wins face-off versus Eric Staal in Hurricanes zone.
8:54 of 2nd period - Off-side.
8:55 of 2nd period - Zenon Konopka wins face-off versus Derick Brassard in neutral zone.
9:02 of 2nd period - Icing by Brent Sopel.
9:03 of 2nd period - Samuel Pahlsson wins face-off versus Brandon Yip in Hurricanes zone.
9:04 of 2nd period - Shot by Paul Kariya.
9:04 of 2nd period - Shot Misses the Net.
9:09 of 2nd period - Minor Penalty to Chris Neil for Interference.
9:10 of 2nd period - Jarome Iginla wins face-off versus Samuel Pahlsson in BlackHawks zone.
9:35 of 2nd period - Shot by Eric Staal.
9:35 of 2nd period - Shot Blocked by Adam Foote.
9:37 of 2nd period - Shot by Andy Greene.
9:37 of 2nd period - Stopped by Cristobal Huet without a rebound.
9:38 of 2nd period - Derick Brassard wins face-off versus Paul Kariya in BlackHawks zone.
10:23 of 2nd period - Icing by Derick Brassard.
10:24 of 2nd period - Derick Brassard wins face-off versus Paul Kariya in Hurricanes zone.
10:52 of 2nd period - Shot by Jarome Iginla.
10:52 of 2nd period - Stopped by Cristobal Huet with a rebound.
10:56 of 2nd period - Shot by Jarome Iginla.
10:56 of 2nd period - Shot Misses the Net.
10:58 of 2nd period - Shot by Ryan OByrne.
10:58 of 2nd period - Shot Blocked by Adam Foote.
11:00 of 2nd period - Shot by Andy Greene.
11:00 of 2nd period - Shot Misses the Net.
11:02 of 2nd period - Shot by Andy Greene.
11:02 of 2nd period - Shot Misses the Net.
11:20 of 2nd period - Minor Penalty to Tyler Kennedy for Hooking.
11:21 of 2nd period - Jamie Benn wins face-off versus Paul Kariya in BlackHawks zone.
11:24 of 2nd period - Shot by Eric Staal.
11:24 of 2nd period - Stopped by Cristobal Huet without a rebound.
11:25 of 2nd period - Paul Kariya wins face-off versus Eric Staal in BlackHawks zone.
11:56 of 2nd period - Samuel Pahlsson is hit by Jamie Benn and loses puck.
12:18 of 2nd period - Shot by Ryan Wilson.
12:18 of 2nd period - Shot Blocked by Tim Gleason.
12:26 of 2nd period - Shot by Derick Brassard.
12:26 of 2nd period - Goal by Derick Brassard - BlackHawks : 1 - Hurricanes : 3.
12:27 of 2nd period - Eric Belanger wins face-off versus Wayne Primeau in neutral zone.
12:32 of 2nd period - Wayne Primeau is hit by Derick Brassard and loses puck.
12:49 of 2nd period - Shot by Michael Ryder.
12:49 of 2nd period - Stopped by Cristobal Huet without a rebound.
12:50 of 2nd period - Mikhail Grabovski wins face-off versus Zenon Konopka in BlackHawks zone.
13:42 of 2nd period - Erik Cole is hit by John Erskine and loses puck.
14:23 of 2nd period - Eric Belanger is hit by Tim Gleason and loses puck.
14:37 of 2nd period - Eric Belanger is hit by Chris Neil and loses puck.
15:03 of 2nd period - Minor Penalty to Patrick Sharp for Hooking.
15:04 of 2nd period - Patrick Kane wins face-off versus Jere Lehtinen in BlackHawks zone.
15:55 of 2nd period - Paul Kariya is hit by Jed Ortmeyer.
16:29 of 2nd period - Shot by Andy Greene.
16:29 of 2nd period - Stopped by Cristobal Huet without a rebound.
16:30 of 2nd period - Derick Brassard wins face-off versus Patrick Kane in BlackHawks zone.
16:31 of 2nd period - Shot by Andy Greene.
16:31 of 2nd period - Stopped by Cristobal Huet without a rebound.
16:32 of 2nd period - Patrick Kane wins face-off versus Derick Brassard in BlackHawks zone.
17:08 of 2nd period - Minor Penalty to John Erskine for Hooking.
17:09 of 2nd period - Eric Staal wins face-off versus Patrick Sharp in BlackHawks zone.
17:22 of 2nd period - Shot by Eric Staal.
17:22 of 2nd period - Stopped by Cristobal Huet without a rebound.
17:23 of 2nd period - Derick Brassard wins face-off versus Paul Kariya in BlackHawks zone.
17:55 of 2nd period - Icing by Ryan Wilson.
17:56 of 2nd period - Derick Brassard wins face-off versus Paul Kariya in Hurricanes zone.
18:55 of 2nd period - Shot by Mathieu Roy.
18:55 of 2nd period - Shot Blocked by Tim Gleason.
19:05 of 2nd period - Shot by Eric Belanger.
19:05 of 2nd period - Stopped by Cristobal Huet without a rebound.
19:06 of 2nd period - Paul Kariya wins face-off versus Eric Belanger in BlackHawks zone.
19:15 of 2nd period - Shot by Michael Ryder.
19:15 of 2nd period - Stopped by Cristobal Huet without a rebound.
19:16 of 2nd period - Wayne Primeau wins face-off versus Mikhail Grabovski in BlackHawks zone.
19:23 of 2nd period - Shot by Tyler Kennedy.
19:23 of 2nd period - Stopped by Pascal Leclaire without a rebound.
19:24 of 2nd period - Wayne Primeau wins face-off versus Eric Belanger in Hurricanes zone.
19:26 of 2nd period - Minor Penalty to Ryan OByrne for Hooking.
19:27 of 2nd period - Wayne Primeau wins face-off versus Eric Belanger in Hurricanes zone.
19:30 of 2nd period - Shot by Tim Gleason.
19:30 of 2nd period - Stopped by Pascal Leclaire without a rebound.
19:31 of 2nd period - Eric Belanger wins face-off versus Wayne Primeau in Hurricanes zone.

Period #3

0:01 of 3rd period - Samuel Pahlsson wins face-off versus Eric Belanger in neutral zone.
0:04 of 3rd period - Shot by Patrick Sharp.
0:04 of 3rd period - Deflect By Patrick Kane.
0:04 of 3rd period - Stopped by Pascal Leclaire with a rebound.
0:06 of 3rd period - Shot by Samuel Pahlsson.
0:06 of 3rd period - Goal by Samuel Pahlsson - BlackHawks : 2 - Hurricanes : 3.
0:07 of 3rd period - Derick Brassard wins face-off versus Wayne Primeau in neutral zone.
0:10 of 3rd period - John Erskine is hit by Erik Cole and loses puck.
0:39 of 3rd period - Minor Penalty to Erik Cole for High sticking.
0:40 of 3rd period - Eric Belanger wins face-off versus Patrick Sharp in Hurricanes zone.
0:59 of 3rd period - Shot by Patrick Sharp.
0:59 of 3rd period - Shot Misses the Net.
1:55 of 3rd period - Jarome Iginla is hit by Chris Neil and loses puck.
2:03 of 3rd period - Icing by Hal Gill.
2:04 of 3rd period - Eric Belanger wins face-off versus Wayne Primeau in BlackHawks zone.
3:06 of 3rd period - Icing by Adam Foote.
3:07 of 3rd period - Zenon Konopka wins face-off versus Eric Staal in BlackHawks zone.
4:07 of 3rd period - Icing by Andy Greene.
4:08 of 3rd period - Eric Staal wins face-off versus Samuel Pahlsson in Hurricanes zone.
5:17 of 3rd period - Minor Penalty to Adam Foote for Hooking.
5:18 of 3rd period - Patrick Kane wins face-off versus Derick Brassard in BlackHawks zone.
6:15 of 3rd period - Shot by Eric Staal.
6:15 of 3rd period - Shot Misses the Net.
6:17 of 3rd period - Shot by Jamie Benn.
6:17 of 3rd period - Shot Misses the Net.
6:19 of 3rd period - Shot by Jarome Iginla.
6:19 of 3rd period - Shot Blocked by John Erskine.
6:21 of 3rd period - Shot by Eric Staal.
6:21 of 3rd period - Shot Misses the Net.
6:45 of 3rd period - Shot by Mathieu Schneider.
6:45 of 3rd period - Stopped by Cristobal Huet with a rebound.
6:47 of 3rd period - Shot by Jed Ortmeyer.
6:47 of 3rd period - Shot Blocked by John Erskine.
9:05 of 3rd period - Shot by Erik Cole.
9:05 of 3rd period - Stopped by Cristobal Huet without a rebound.
9:06 of 3rd period - Jere Lehtinen wins face-off versus Zenon Konopka in BlackHawks zone.
9:07 of 3rd period - Shot by Derick Brassard.
9:07 of 3rd period - Stopped by Cristobal Huet with a rebound.
9:09 of 3rd period - Shot by Derick Brassard.
9:09 of 3rd period - Stopped by Cristobal Huet without a rebound.
9:09 of 3rd period - Minor Penalty to John Erskine for Interference.
9:10 of 3rd period - Patrick Kane wins face-off versus Derick Brassard in BlackHawks zone.
9:16 of 3rd period - Icing by Mathieu Roy.
9:17 of 3rd period - Patrick Sharp wins face-off versus Derick Brassard in Hurricanes zone.
9:42 of 3rd period - Brent Sopel is hit by Adam Foote and loses puck.
10:20 of 3rd period - Icing by Eric Staal.
10:21 of 3rd period - Eric Staal wins face-off versus Patrick Kane in Hurricanes zone.
10:21 of 3rd period - Eric Staal is hit by Patrick Sharp.
10:24 of 3rd period - Icing by Jarome Iginla.
10:25 of 3rd period - Paul Kariya wins face-off versus Eric Staal in Hurricanes zone.
10:32 of 3rd period - Shot by Tim Gleason.
10:32 of 3rd period - Stopped by Pascal Leclaire without a rebound.
10:33 of 3rd period - Patrick Kane wins face-off versus Derick Brassard in Hurricanes zone.
11:12 of 3rd period - Shot by Mikhail Grabovski.
11:12 of 3rd period - Stopped by Cristobal Huet with a rebound.
11:14 of 3rd period - Shot by Jed Ortmeyer.
11:14 of 3rd period - Stopped by Cristobal Huet with a rebound.
11:18 of 3rd period - Shot by Eric Belanger.
11:18 of 3rd period - Deflect By Mikhail Grabovski.
11:18 of 3rd period - Stopped by Cristobal Huet without a rebound.
11:19 of 3rd period - Michael Ryder wins face-off versus Samuel Pahlsson in BlackHawks zone.
11:25 of 3rd period - Minor Penalty to Hal Gill for Holding Stick.
11:26 of 3rd period - Eric Staal wins face-off versus Paul Kariya in BlackHawks zone.
12:21 of 3rd period - Shot by Erik Cole.
12:21 of 3rd period - Stopped by Cristobal Huet without a rebound.
12:22 of 3rd period - Paul Kariya wins face-off versus Jere Lehtinen in BlackHawks zone.
12:41 of 3rd period - Icing by Mathieu Roy.
12:42 of 3rd period - Chris Neil wins face-off versus Jere Lehtinen in Hurricanes zone.
12:42 of 3rd period - Wayne Primeau is hit by Mathieu Roy and loses puck.
13:26 of 3rd period - Minor Penalty to Eric Belanger for Goalie Interference.
13:26 of 3rd period - Minor Penalty to John Erskine for Boarding.
13:27 of 3rd period - Patrick Kane wins face-off versus Eric Staal in BlackHawks zone.
13:43 of 3rd period - Shot by Mattias Ohlund.
13:43 of 3rd period - Stopped by Pascal Leclaire without a rebound.
13:44 of 3rd period - Paul Kariya wins face-off versus Derick Brassard in Hurricanes zone.
13:44 of 3rd period - Samuel Pahlsson is hit by Brent Sopel and loses puck.
14:08 of 3rd period - Paul Kariya is hit by Brent Sopel.
14:26 of 3rd period - Shot by Eric Staal.
14:26 of 3rd period - Stopped by Cristobal Huet without a rebound.
14:27 of 3rd period - Patrick Kane wins face-off versus Derick Brassard in BlackHawks zone.
14:35 of 3rd period - Patrick Sharp is hit by Mathieu Roy and loses puck.
14:56 of 3rd period - Mathieu Roy is hit by Patrick Sharp.
15:24 of 3rd period - Shot by Josh Bailey.
15:24 of 3rd period - Stopped by Pascal Leclaire without a rebound.
15:25 of 3rd period - Eric Staal wins face-off versus Chris Neil in Hurricanes zone.
16:32 of 3rd period - Icing by Hal Gill.
16:33 of 3rd period - Samuel Pahlsson wins face-off versus Jarome Iginla in BlackHawks zone.
16:50 of 3rd period - Icing by Jarome Iginla.
16:51 of 3rd period - Artem Anisimov wins face-off versus Jarome Iginla in Hurricanes zone.
17:22 of 3rd period - Shot by Patrick Sharp.
17:22 of 3rd period - Shot Misses the Net.
17:24 of 3rd period - Shot by Adam Foote.
17:24 of 3rd period - Stopped by Pascal Leclaire without a rebound.
17:25 of 3rd period - Samuel Pahlsson wins face-off versus Eric Staal in Hurricanes zone.
17:36 of 3rd period - Shot by Eric Staal.
17:36 of 3rd period - Shot Misses the Net.
17:38 of 3rd period - Shot by Eric Staal.
17:38 of 3rd period - Deflect By Jarome Iginla.
17:38 of 3rd period - Stopped by Cristobal Huet without a rebound.
17:39 of 3rd period - Derick Brassard wins face-off versus Samuel Pahlsson in BlackHawks zone.
17:39 of 3rd period - Brent Sopel is hit by Hal Gill and loses puck.
17:59 of 3rd period - Shot by Jere Lehtinen.
17:59 of 3rd period - Shot Misses the Net.
18:01 of 3rd period - Shot by Eric Staal.
18:01 of 3rd period - Stopped by Cristobal Huet with a rebound.
18:03 of 3rd period - Shot by Jere Lehtinen.
18:03 of 3rd period - Shot Blocked by Hal Gill.
18:05 of 3rd period - Shot by Jere Lehtinen.
18:05 of 3rd period - Shot Blocked by Ron Hainsey.
18:07 of 3rd period - Shot by Brent Sopel.
18:07 of 3rd period - Stopped by Cristobal Huet without a rebound.
18:08 of 3rd period - Jamie Benn wins face-off versus Artem Anisimov in BlackHawks zone.
18:30 of 3rd period - Shot by Jarome Iginla.
18:30 of 3rd period - Shot Misses the Net.
18:32 of 3rd period - Shot by Jarome Iginla.
18:32 of 3rd period - Stopped by Cristobal Huet with a rebound.
19:04 of 3rd period - BlackHawks, Cristobal Huet is pulled from the net.
19:04 of 3rd period - Shot by Chris Neil.
19:04 of 3rd period - Stopped by Pascal Leclaire without a rebound.
19:05 of 3rd period - Eric Staal wins face-off versus Artem Anisimov in Hurricanes zone.
19:18 of 3rd period - Shot by Eric Staal.
19:18 of 3rd period - Shot Blocked by Ron Hainsey.
19:32 of 3rd period - Shot by Patrick Sharp.
19:32 of 3rd period - Shot Blocked by Brent Sopel.
19:34 of 3rd period - Shot by Samuel Pahlsson.
19:34 of 3rd period - Stopped by Pascal Leclaire without a rebound.
19:35 of 3rd period - Paul Kariya wins face-off versus Eric Staal in Hurricanes zone.
19:38 of 3rd period - Shot by Josh Bailey.
19:38 of 3rd period - Stopped by Pascal Leclaire without a rebound.
19:39 of 3rd period - Eric Staal wins face-off versus Paul Kariya in Hurricanes zone.


Output by the SimonT Hockey Simulator (STHS) for Stephane Roy -- Original Page W3C XHTML 1.0 Valid